 Dungeon Crawl Stone Soup version 0.21.1-1-g345015fe64 (webtiles) character file.

94 IDKFA the Ducker (level 4, -1/44 HPs)
             Began as a Troll Fighter on Apr 19, 2018.
             Slain by a hobgoblin (5 damage)
             ... on level 2 of the Dungeon on Apr 21, 2018.
             The game lasted 00:15:45 (1429 turns).

IDKFA the Ducker (Troll Fighter)                    Turns: 1429, Time: 00:15:45

Health: -1/44      AC:  5    Str: 25    XL:     4   Next: 38%
Magic:  3/3        EV:  8    Int:  4    God:
Gold:   115        SH:  9    Dex:  9    Spells: 3/3 levels left

rFire    . . .     SeeInvis .   a - +0 flail
rCold    . . .     Gourm    +   c - +0 shield
rNeg     . . .     Faith    .   b - +0 robe
rPois    .         Spirit   .   (helmet restricted)
rElec    .         Reflect  .   (no cloak)
rCorr    .         Harm     .   (gloves unavailable)
MR       .....                  (boots unavailable)
Stlth    +.........             (no amulet)
HPRegen  0.54/turn              (no ring)
MPRegen  0.08/turn              (no ring)

@: lethally poisoned (-1 -> -2)
A: large, unfitting armour, claws 3, fast metabolism 3, gourmand, regeneration
1, shaggy fur 1, tough skin 2
a: no special abilities


You were on level 2 of the Dungeon.
You were very full.

You visited 1 branch of the dungeon, and saw 3 of its levels.

You collected 115 gold pieces.

Inventory:

Hand Weapons
 a - a +0 flail (weapon)
 j - a +3 quarterstaff of chaos
 l - a +0 mace
Armour
 b - a +0 robe (worn)
 c - a +0 shield (worn)
 k - a +1 cloak of invisibility
 m - a +0 leather armour
 n - a +0 ring mail
 s - a +0 ring mail
Scrolls
 e - 3 scrolls of identify {unknown}
 o - a scroll of fog {unknown}
 p - a scroll of blinking {unknown}
 t - a scroll of teleportation {unknown}
 u - a scroll of fear {unknown}
 v - a scroll of enchant armour {unknown}
Potions
 d - a potion of might
 g - a potion of lignification {unknown}
 h - 2 potions of mutation {unknown}
 i - a potion of degeneration {unknown}
 q - a potion of heal wounds {unknown}
 r - a potion of curing {unknown}
Comestibles
 f - a ration (quivered)


   Skills:
 + Level 2.9 Fighting
 + Level 2.4 Maces & Flails
 + Level 3.0 Dodging
 + Level 0.1 Stealth
 + Level 3.0 Shields


You had 3 spell levels left.
You didn't know any spells.

Dungeon Overview and Level Annotations

Branches:
Dungeon (3/15)

Altars:

Annotations:
D:3 Terence


Innate Abilities, Weirdness & Mutations

You are too large for most types of armour.
You have claws for hands.
Your metabolism is lightning-fast.
You like to eat raw meat.
Your natural rate of healing is unusually fast.
You are covered in fur. (AC +1)
You have very tough skin. (AC +2)


Message History

You are too injured to fight recklessly!
You are too injured to fight recklessly!
You are too injured to fight recklessly!
You are too injured to fight recklessly!
You are too injured to fight recklessly!
You are too injured to fight recklessly!
You are too injured to fight recklessly!
You are too injured to fight recklessly!
You are too injured to fight recklessly!
You are too injured to fight recklessly!
You are too injured to fight recklessly!
You are too injured to fight recklessly!
You hit the hobgoblin.
The hobgoblin is almost dead.
You block the hobgoblin's attack. You block the frilled lizard's attack.
The hobgoblin barely misses you.
You eat one of the 2 rations.
That ration really hit the spot!
The frilled lizard bites you but does no damage.
The hobgoblin hits you.
You die...

##### #...# #...##
####....#
########.......#
.......#.###+#.#####
...............g@lS#
.#..##†#.###.#.#####
....##.#.# #.#<#
.......#.# #.#.#
.###.###.###.#.######
.#...# #.##..#......#
.#.### #.##.#######.#
.#.# ###..#.........#
.#.###..#.#....######


You could see an adder, a hobgoblin and a frilled lizard.

Vanquished Creatures
  Crazy Yiuf (D:2)
  3 adders (D:2)
  3 worms (D:2)
  2 leopard geckos
  An orc (D:3)
  A giant cockroach (D:1)
  2 goblins (D:2)
  6 kobolds
  A quokka (D:3)
  4 bats
  2 frilled lizards
  5 rats
31 creatures vanquished.

Notes
Turn   | Place    | Note
-------+----------+-------------------------------------------
     0 | D:1      | IDKFA the Troll Fighter began the quest for the Orb.
     0 | D:1      | Reached XP level 1. HP: 22/22 MP: 0/0
   595 | D:2      | Found a runed door.
   595 | D:2      | Noticed Crazy Yiuf
   599 | D:2      | Killed Crazy Yiuf
   599 | D:2      | Reached XP level 2. HP: 24/29 MP: 1/1
   599 | D:2      | Reached XP level 3. HP: 30/36 MP: 2/2
   940 | D:2      | Reached XP level 4. HP: 24/44 MP: 3/3
  1377 | D:3      | Noticed Terence
  1414 | D:3      | HP: 1/44 [Terence/trident (7)]
  1429 | D:2      | Slain by a hobgoblin

Skill      XL: |  1  2  3  4 |
---------------+-------------+-----
Maces & Flails | 2 |  2.4
Dodging        | 3 |  3.0
Shields        | 3 |  3.0
Fighting       | |  2.9
Stealth        | |  0.1

Action                   |  1- 3 |  4- 6 || total
-------------------------+-------+-------++-------
Melee: Flail             |    67 |    67 ||   134
 Stab: Sleeping          |     1 |       ||     1
  Eat: Chunk             |     4 |     3 ||     7
       Ration            |     2 |     1 ||     3
Armor: Robe              |    24 |    37 ||    61
Dodge: Dodged            |    31 |    52 ||    83
Block: Shield            |    54 |    51 ||   105
